 Dungeon Crawl Stone Soup version 0.29.1-15-g9cfb28693d (console) character file.

Game seed: 7087787524050047467

130 om the Trooper (level 4, 0/38 (45) HPs)
             Began as a Troll Berserker on Apr 28, 2023.
             Was a Believer of Trog.
             Slain by Edmund
             ... wielding a +1 dire flail of draining
              (6 damage)
             ... on level 4 of the Dungeon.
             The game lasted 00:03:34 (2412 turns).

om the Trooper (Troll Berserker)                    Turns: 2412, Time: 00:03:35

HP:   0/38 (45)     AC:  6    Str: 33    XL:     4   Next: 90%
MP:   3/3           EV: 10    Int:  3    God:    Trog [**....]
Gold: 200           SH:  0    Dex:  9    Spells: 3/3 levels left

rFire   . . .      SeeInvis .     - Unarmed
rCold   . . .      Faith    .   (no shield)
rNeg    . . .      Spirit   .   a - +0 animal skin
rPois   .          Reflect  .   (helmet restricted)
rElec   .          Harm     .   f - +1 cloak
rCorr   .          Rampage  .   (gloves unavailable)
Will    .....                   (boots unavailable)
Stlth   +.........              (no amulet)
HPRegen 0.92/turn               k - +6 ring of strength
MPRegen 0.08/turn               (no ring)

@: heavily drained
A: large, unfitting armour, claws 3, regeneration 1, shaggy fur 1, tough skin 1
a: Renounce Religion, Berserk, Trog's Hand


You were on level 4 of the Dungeon.
You worshipped Trog.
Trog was pleased with you.
You visited 1 branch of the dungeon, and saw 4 of its levels.

You collected 200 gold pieces.

Inventory:

Armour
 a - a +0 animal skin (worn)
 f - a +1 cloak (worn)
Jewellery
 k - a +6 ring of strength (left claw)
Scrolls
 c - 3 scrolls of teleportation
 d - a scroll of vulnerability
 e - a scroll of amnesia
 g - a scroll of enchant armour
Potions
 b - a potion of attraction {unknown}
 h - a potion of resistance {unknown}
 l - a potion of magic {unknown}
 m - a potion of degeneration {unknown}
 o - a potion of ambrosia {unknown}


   Skills:
 * Level 3.5 Fighting
 * Level 2.4 Maces & Flails
 + Level 3.0 Dodging
 - Level 3.0 Unarmed Combat


You had 3 spell levels left.
You didn't know any spells.
Your spell library was empty.

Dungeon Overview and Level Annotations

Branches:
Dungeon (4/15)
 Temple: D:4-7

Altars:
Elyvilon
Zin

Annotations:
D:4 Edmund, Menkaure


Innate Abilities, Weirdness & Mutations

You are too large for most types of armour.
You have claws for hands.
Your natural rate of healing is unusually fast.
You are covered in fur. (AC +1)
You have tough skin. (AC +1)


Message History

The quokka attacks as you move away! The quokka closely misses you.
As you read the scroll of teleportation, it crumbles to dust.
You feel strangely unstable.
The quokka bites you but does no damage.
The quokka bites you. The quokka attacks as you move away!
The quokka barely misses you.
Your surroundings suddenly seem different.
Edmund and a kobold come into view.
Edmund is wielding a +1 dire flail of draining.
Edmund shouts!
The kobold shouts!
The kobold hits you but does no damage.
You closely miss Edmund. The kobold hits you but does no damage.
Edmund completely misses you.
You completely miss Edmund. The kobold barely misses you.
Edmund hits you but does no damage.
You feel drained.
A wight comes into view. It is wielding a +1 flail.
You scratch Edmund but do no damage. The kobold completely misses you.
Edmund hits you with a +1 dire flail of draining!
* * * LOW HITPOINT WARNING * * *
You feel drained.
* * * LOW HITPOINT WARNING * * *
It was a potion of curing.
You feel better. The kobold closely misses you.
Edmund hits you with a +1 dire flail of draining.
You feel drained.
You claw Edmund!
Edmund is moderately wounded.
The kobold hits you but does no damage.
Edmund hits you with a +1 dire flail of draining!
* * * LOW HITPOINT WARNING * * *
You feel drained.
* * * LOW HITPOINT WARNING * * *
You feel better. The kobold hits you but does no damage.
Edmund hits you with a +1 dire flail of draining!
* * * LOW HITPOINT WARNING * * *
You feel drained.
You scratch Edmund but do no damage. You claw Edmund, but do no damage.
Edmund is moderately wounded.
The kobold hits you but does no damage.
Edmund hits you with a +1 dire flail of draining.
You die...

###### ..........
...... .......'
####### #......#
....... #.....z#
######### #......#
.......<# #......#
#...##..# #..K...#
........#+####.@@...#
#...........##......#
#...........##......#
#...........#########
#####.....###
######..## #...###.#
##...###.# #........#


You could see Edmund, a wight and a kobold.

Vanquished Creatures
  6 adders
  2 worms
  4 dart slugs
  3 orcs
  4 endoplasms
  3 giant cockroaches
  7 goblins
  3 hobgoblins (D:1)
  2 quokkas
  10 ball pythons
  5 bats
  6 frilled lizards
  3 kobolds (D:1)
  4 rats
62 creatures vanquished.

Notes
Turn   | Place    | Note
-------+----------+-------------------------------------------
     0 | D:1      | om the Troll Berserker began the quest for the Orb.
     0 | D:1      | Reached XP level 1. HP: 22/22 MP: 0/0
   122 | D:1      | Found a faded altar of an unknown god.
   165 | D:1      | Reached XP level 2. HP: 29/29 MP: 1/1
   400 | D:1      | Reached skill level 1 in Maces & Flails
   597 | D:2      | Reached XP level 3. HP: 27/36 MP: 2/2
   662 | D:2      | Reached ** piety under Trog
  1229 | D:3      | Reached XP level 4. HP: 35/45 MP: 3/3
  1305 | D:3      | Found a glowing silver altar of Zin.
  2249 | D:4      | Found a white marble altar of Elyvilon.
  2383 | D:4      | Noticed Menkaure
  2405 | D:4      | Noticed Edmund
  2412 | D:4      | Slain by Edmund

Illustrated notes

Levels and vault maps discovered:
D:1:      dpeg_cavernosity, layout_rooms, basic_ecumenical_altar,
          kennysheep_doodads
D:2:      layout_basic
D:3:      layout_loops_ring, lemuel_doored_altar, minmay_snake_closets
D:4:      layout_basic, elyvilon_altar_4, uniq_sigmund, uniq_menkaure,
          uniq_edmund

Skill      XL: |  1  2  3  4 |
---------------+-------------+-----
Maces & Flails | 1 2 |  2.4
Fighting       | 3 |  3.5
Dodging        | 3 |  3.0
Unarmed Combat | |  3.0

Action                   |  1- 3 |  4- 6 || total
-------------------------+-------+-------++-------
Melee: Unarmed           |   122 |    63 ||   185
       Punch             |     2 |     4 ||     6
  Use: Scroll            |     1 |     6 ||     7
       Potion            |       |     2 ||     2
 Stab: Sleeping          |     1 |       ||     1
Armor: Animal skin       |    62 |    26 ||    88
Dodge: Dodged            |    88 |    39 ||   127
